Map: Überwucherte Anlage

Players

RiseAgainst - Winner!

  • Race: Terran Terran
  • League: Diamond
  • Spawn Location: 9:00

Panda - Winner!

  • Race: Zerg Zerg
  • Spawn Location: 7:00

Prest

  • Race: Zerg Zerg
  • League: Gold
  • Spawn Location: 3:00

Raunchy

  • Race: Terran Terran
  • League: Silver
  • Spawn Location: 1:00

VOD

Have the link to the VOD?

Description

Time

  • Played on: Aug. 27, 2017, 7:52 a.m.
  • Length: 10:24
Show
View Real Time Build Order
Export as new Build Order

RiseAgainst Terran - Winner!

Build Orders: Hellion Opening, MMM Bio 

Get SALT Encoding   

  12  0:00  SCV  
  13  0:13  SCV  
  14  0:19  Supply Depot  
  14  0:25  SCV  
  15  0:28  Refinery  
  15  0:41  SCV  
  16  0:46  Barracks  
  16  0:53  SCV  
  17  1:05  SCV  
  18  1:17  SCV  
  19  1:32  Orbital Command  
  19  1:34  Factory  
  19  1:48  Barracks Reactor  
  19  1:55  Supply Depot  
  19  1:58  SCV  
  20  2:11  SCV  
  21  2:23  SCV  
  22  2:30  Hellion x2  
  22  2:36  Barracks Tech Lab  
  26  2:42  SCV  
  26  2:43  Supply Depot  
  27  2:45  Command Center  
  27  2:52  Hellion  
  27  2:53  Hellion  
  31  3:05  SCV  
  32  3:06  Marine  
  33  3:13  Hellion  
  33  3:14  Supply Depot  
  33  3:16  Hellion  
  33  3:19  SCV  
  38  3:28  Marine  
  38  3:30  Stimpack  
  39  3:35  SCV  
  40  3:51  Hellion x2  
  44  4:01  Marine  
  45  4:05  Refinery  
  45  4:06  Barracks, SCV  
  46  4:10  Orbital Command  
  46  4:18  SCV  
  43  4:37  Hellion x2  
  43  4:38  SCV x2  
  43  4:40  Marine  
  43  4:46  Barracks  
  43  4:47  Barracks  
  43  4:50  SCV x2  
  43  5:02  Hellion x2  
  45  5:12  Marine x2  
  45  5:14  SCV x2  
  44  5:23  Hellion  
  44  5:24  Hellion  
  44  5:26  SCV x2  
  50  5:30  Marine x2  
  52  5:45  Hellion x2  
  56  5:52  SCV x2  
  58  5:57  Refinery  
  58  5:59  Supply Depot, Marine  
  58  6:00  Supply Depot  
  58  6:01  Barracks Reactor  
  58  6:03  Combat Shields  
  58  6:04  SCV x2  
  62  6:05  Barracks Reactor  
  62  6:06  Hellion  
  62  6:07  Hellion  
  59  6:27  SCV x2  
  59  6:28  Hellion x2  
  59  6:32  Barracks Reactor, Refinery  
  65  6:37  Supply Depot  
  65  6:38  Supply Depot  
  65  6:39  SCV  
  66  6:40  Starport, Marine x3, Engineering Bay  
  66  6:41  Engineering Bay  
  66  6:46  SCV  
  70  6:49  Supply Depot  
  70  6:51  Supply Depot  
  70  7:00  Marine x4  
  74  7:19  Hellion x2  
  73  7:34  Marine x4  
  73  7:35  Marine x3  
  80  7:39  Supply Depot  
  80  7:40  Terran Infantry Armor Level 1, Terran Infantry Weapons Level 1  
  80  7:52  Marine x5  
  80  7:54  Supply Depot  
  80  7:55  Supply Depot  
  80  7:58  Factory Tech Lab, Medivac x2  
  89  8:00  Command Center  
  89  8:02  Marine x2  
  91  8:10  Marine x2  
  87  8:41  Marine x5  
  79  8:42  Medivac x2, Marine x2  
  79  8:43  Siege Tank  
  93  8:59  Marine x3  
  94  9:09  Marine x3  
  91  9:10  Concussive Shells, Marauder  
  91  9:13  Supply Depot x2  
  91  9:14  Orbital Command  
  91  9:15  Siege Tank  
  96  9:17  Supply Depot  
  96  9:18  Medivac x2  
  96  9:22  Supply Depot  
  100  9:40  Marine  
  96  9:54  Marine x2  
  96  9:55  Marine x3, Marauder  
  96  9:57  Supply Depot  
  107  10:01  Supply Depot  
  107  10:02  Supply Depot  
Show
View Real Time Build Order
Export as new Build Order

Panda Zerg - Winner!

Build Orders: Pool First 

Get SALT Encoding   

  12  0:01  Drone  
  13  0:09  Drone  
  14  0:18  Extractor, Drone  
  14  0:37  Spawning Pool  
  14  0:41  Overlord  
  13  0:46  Drone  
  14  0:59  Drone x2  
  14  1:03  Drone  
  17  1:14  Drone  
  18  1:23  Metabolic Boost  
  18  1:25  Drone  
  19  1:36  Queen  
  19  1:37  Drone  
  22  1:46  Overlord  
  22  2:05  Zergling x2  
  23  2:13  Zergling x2  
  24  2:25  Zergling x2  
  24  2:26  Hatchery  
  24  2:33  Baneling Nest  
  23  2:39  Drone  
  24  2:50  Zergling x2  
  24  2:51  Zergling x6  
  28  3:10  Drone x2  
  29  3:16  Spine Crawler  
  28  3:20  Baneling x2  
  28  3:25  Baneling x2  
  28  3:30  Zergling x2  
  28  3:31  Overlord, Zergling x2  
  28  3:32  Overlord  
  27  4:00  Zergling x6  
  30  4:04  Baneling  
  30  4:14  Drone x3  
  30  4:15  Queen  
  33  4:32  Hatchery  
  30  4:40  Zergling x2  
  30  4:41  Zergling x8  
  33  4:49  Zergling x4  
  33  4:50  Zergling x2  
  33  4:51  Baneling x2  
  28  5:15  Zergling x2  
  28  5:16  Zergling x8  
  30  5:44  Baneling  
  30  5:46  Drone x2  
  30  5:49  Queen  
  34  5:51  Queen  
  36  6:00  Baneling  
  36  6:01  Zergling x2  
  36  6:02  Zergling x6  
  37  6:27  Zergling x4  
  37  6:28  Zergling x2, Baneling x2  
  40  6:33  Drone x2  
  42  6:47  Overlord x2  
  42  6:48  Overlord x2  
  42  7:00  Roach Warren  
  41  7:03  Baneling  
  41  7:04  Baneling  
  40  7:19  Baneling x3  
  35  7:32  Zergling x4  
  35  7:33  Zergling x4  
  39  7:38  Spine Crawler  
  39  7:40  Spine Crawler, Drone x6  
  43  7:45  Roach x4  
  51  7:59  Drone x2  
  51  8:02  Drone x3  
  56  8:06  Extractor  
  56  8:08  Extractor  
  56  8:10  Drone x2  
  56  8:11  Extractor  
  55  8:21  Zergling x2  
  55  8:22  Zergling x6  
  55  8:24  Baneling  
  55  8:25  Baneling  
  59  8:28  Evolution Chamber  
  59  8:29  Evolution Chamber  
  57  8:35  Drone x3  
  57  8:38  Drone x3  
  63  8:43  Drone x2  
  63  8:44  Drone x7  
  72  8:51  Overlord  
  72  8:53  Overlord  
  72  9:05  Zergling x4  
  74  9:11  Drone  
  75  9:21  Drone x5  
  80  9:26  Baneling  
  80  9:31  Roach  
  80  9:32  Roach x2  
  86  9:44  Drone x4  
  89  9:58  Overlord x4  
Show
View Real Time Build Order
Export as new Build Order

Prest Zerg 

Build Orders: Hatch First, Zergling Baneling 

Get SALT Encoding   

  12  0:04  Drone  
  14  0:14  Drone  
  14  0:22  Overlord  
  14  0:41  Drone x3  
  17  0:58  Drone, Hatchery  
  17  1:03  Extractor, Drone  
  17  1:20  Spawning Pool  
  17  1:23  Drone  
  18  1:25  Drone  
  18  1:35  Drone  
  19  1:45  Drone  
  20  2:00  Overlord  
  20  2:08  Queen  
  20  2:09  Metabolic Boost  
  20  2:11  Queen  
  20  2:15  Zergling x2  
  25  2:30  Zergling x2  
  25  2:31  Zergling x2  
  27  2:40  Overlord  
  27  2:51  Baneling Nest  
  27  2:53  Zergling x2  
  27  3:09  Zergling x2  
  28  3:23  Zergling x4  
  28  3:24  Zergling x4  
  32  3:34  Zergling x2  
  33  3:40  Zergling x12  
  36  3:50  Zergling x2  
  36  3:51  Zergling x6  
  36  3:55  Baneling x2  
  38  3:58  Zergling x6  
  38  3:59  Zergling x4  
  38  4:02  Baneling x4  
  43  4:03  Baneling  
  43  4:04  Baneling  
  43  4:10  Zergling x2  
  41  4:39  Zergling x4  
  41  4:40  Zergling x2  
  41  4:43  Overlord  
  41  4:44  Overlord  
  39  5:13  Zergling x10  
  33  5:25  Zergling x10  
  33  5:26  Zergling x6  
  36  5:44  Zergling x6  
  39  5:50  Zergling x2  
  40  5:57  Zergling x2  
  40  5:58  Zergling x12  
  35  6:23  Zergling x4  
  35  6:24  Zergling x4  
  38  6:29  Zergling x8  
  38  6:30  Zergling x4  
  38  6:32  Zergling x2  
  45  6:40  Baneling x4  
  45  6:41  Baneling  
  45  6:43  Baneling  
  45  6:45  Baneling  
  45  7:01  Zergling x8  
  27  7:31  Zergling x12  
  27  7:32  Zergling x2  
  34  7:53  Drone  
  34  7:54  Drone x3  
  38  8:03  Roach Warren  
  14  8:29  Drone x4  
  18  8:43  Roach  
  18  8:44  Roach x6  
  18  8:48  Queen  
  30  9:11  Drone x4  
  34  9:33  Roach x3  
Show
View Real Time Build Order
Export as new Build Order

Raunchy Terran 

Build Orders:  

Get SALT Encoding   

  12  0:01  SCV  
  13  0:13  SCV  
  14  0:21  Supply Depot  
  14  0:25  SCV  
  15  0:40  Supply Depot  
  15  0:42  SCV  
  16  0:48  Barracks  
  16  0:54  SCV  
  17  1:06  SCV  
  17  1:09  Barracks  
  18  1:22  Barracks  
  18  1:31  SCV  
  19  1:35  Marine  
  20  1:44  Barracks  
  20  1:50  Supply Depot  
  20  1:53  Marine  
  21  1:55  Marine  
  22  2:10  Orbital Command  
  22  2:11  Marine x2  
  22  2:13  Marine  
  25  2:29  Marine x2  
  27  2:31  Marine  
  27  2:32  Marine  
  29  2:39  Supply Depot  
  29  2:47  Marine x2  
  29  2:49  Marine  
  29  2:50  Marine  
  33  3:04  Marine  
  33  3:05  Marine  
  35  3:06  Marine  
  35  3:08  Marine  
  37  3:22  Marine x2  
  37  3:24  Marine  
  37  3:26  Marine  
  41  3:40  Marine x2  
  43  3:42  Marine  
  43  3:44  Marine  
  31  3:58  Marine x2  
  31  4:00  Marine  
  31  4:02  Marine  
  31  4:16  Marine x2  
  31  4:18  Marine  
  31  4:19  Marine  
  33  4:34  Marine x2  
  33  4:36  Marine  
  33  4:37  Marine  
  36  4:51  Marine x2  
  38  4:53  Marine  
  38  4:55  Supply Depot, Marine  
  40  5:09  Marine x2  
  40  5:11  Marine  
  40  5:13  Marine  
  44  5:19  Supply Depot  
  44  5:27  Marine x2  
  46  5:29  Marine  
  46  5:31  Marine  
  46  5:42  Supply Depot  
  34  5:45  Marine x2  
  34  5:47  Marine  
  34  5:48  Marine  
  37  6:03  Marine x2  
  39  6:05  Marine  
  39  6:06  Barracks, Marine  
  37  6:20  Marine  
  37  6:21  Marine  
  37  6:22  Marine  
  37  6:24  Marine  
  34  6:38  Marine x2  
  36  6:40  Marine  
  36  6:42  Marine  
  38  6:56  Marine x2  
  38  6:57  Barracks  
  38  6:58  Marine x2  
  38  7:00  Marine  
  42  7:14  Marine x2  
  32  7:16  Marine x2  
  32  7:17  Marine  
  31  7:32  Marine x2  
  31  7:33  Marine  
  31  7:34  Marine  
  31  7:35  Marine  
  36  7:45  Barracks  
  36  7:49  Marine  
  36  7:50  Marine  
  38  7:51  Marine x2  
  38  7:53  Marine  
  38  7:55  Refinery  
  41  8:00  Refinery  
  41  8:07  Command Center, Marine x2  
  41  8:09  Marine x2  
  41  8:11  Marine  
  46  8:25  Marine x2  
  48  8:27  Marine x2  
  48  8:29  Marine  
  32  8:43  Marine x2  
  32  8:45  Marine x2  
  32  8:47  Marine  
  34  9:01  Marine x2  
  36  9:02  Marine  
  36  9:03  Marine  
  36  9:04  Marine  
  39  9:18  Marine x2  
  39  9:19  Marine x2  
  39  9:20  Marine  
  39  9:21  Marine  
  39  9:22  Marine  
  46  9:35  Marine  
  46  9:36  Marine x3  
  46  9:38  Marine x2  
  50  9:40  Marine  
  33  9:53  Marine  
Tags
 
Add a new tag
Caveats
  • Supply blocks, unpowered buildings, or Contaminate may cause inaccurate times.
  • Supply counts are checked every 10 seconds.